[Event "*** Titled Tuesday Blitz"]
[Site "Chess.com"]
[Date "2020.11.03"]
[Round "2"]
[White "MFBerna"]
[Black "levallem"]
[Result "0-1"]
[WhiteElo "2415"]
[BlackElo "2243"]
[TimeControl "180+1"]
[EndTime "10:20:28 PST"]
[Termination "levallem won by resignation"]

1. d4 Nf6 2. Nf3 g6 3. c4 d5 4. cxd5 Nxd5 5. g3 Bg7 6. Bg2 O-O 7. O-O Nb6 8. Nc3 c6 9. Qc2 N8d7 10. Rd1 Nf6 11.
Bg5 h6 12. Bf4 Nbd5 13. Nxd5 Nxd5 14. Bd2 Nf6 15. e4 Be6 16. Bc3 Rc8 17. Qe2 Qb6 18.
Ne5 Rfd8 19. Rd2 h5 20. Rad1 Bxa2 21. b3 Bxb3 22. Rb1 a5 23. Bxa5 Qxa5 24. Rxb3 Qa7 25. Qe3 Ng4 26. Nxg4 hxg4 27. e5 e6 28. Qe4 Rc7 29. Rbd3 Rcd7 30. Qxg4 Bxe5 31. h4 Bxd4 32. Be4 Bxf2+ 33. Rxf2 Rxd3 34. Bxd3 Rxd3 35. Kg2 Qd4 36. Qg5 Qd5+ 37. Kh3 Qxg5 38. hxg5 b5 39. Rc2 Rd6 40. Kg4 Kf8 41. Kf4 Ke7 42. Ke4 Kd7 43. Ra2 Rd5 44. Ra7+ Ke8 45. Rc7 c5 46. Rc8+ Kd7 47.
Rf8 Ke7 48. Rb8 b4 49. Rb7+ Kf8 50. Rc7 Rxg5 51. Rc8+ Kg7 52. Kf4 Rf5+ 53. Ke4 Kf6 54. Rb8 Rd5 55. Kf4 Rd4+ 56. Ke3 Ke5 57. Rc8 Rc4 58.
Rb8 Rc3+ 59. Kf2 b3 60. Rb7 c4 61. g4 Rc2+ 62. Ke3 b2 63. g5 c3 64. Rb5+ Kd6 65.
Kd4 Rc1 66. Rb6+ Kc7 67. Rb4 b1=Q 68. Rxb1 Rxb1 69. Ke5 Rb5+ 70. Kf6 Rf5+ 71. Kg7 c2 72. Kf8 c1=Q 73. Kg7 Qc3+ 0-1

[Event "*** Titled Tuesday Blitz"]
[Site "Chess.com"]
[Date "2020.11.03"]
[Round "2"]
[White "Kobalia"]
[Black "TST2014"]
[Result "1/2-1/2"]
[WhiteElo "2729"]
[BlackElo "2495"]
[TimeControl "180+1"]
[EndTime "10:20:30 PST"]
[Termination "Game drawn - insufficient material"]

1. e4 e5 2. Nf3 Nc6 3. Bb5 a6 4. Ba4 Nf6 5. O-O Be7 6. d3 b5 7.
Bb3 d6 8. a4 b4 9. a5 Rb8 10.
Nbd2 O-O 11. Nc4 h6 12. h3 Be6 13. c3 Re8 14. Ba4 Bd7 15. Be3 Bf8 16. Re1 g6 17.
Qc1 Kh7 18. Nfd2 Bg7 19. Nf3 bxc3 20. bxc3 d5 21. exd5 Nxd5 22. Bd2 f6 23. Qc2 Na7 24. d4 Bxa4 25. Rxa4 exd4 26. Rxe8 Qxe8 27. Nxd4 Nb5 28. Ra1 c5 29. Nxb5 Qxb5 30. Ne3 c4 31. Qe4 Nxe3 32. Bxe3 f5 33. Qe7 Rb7 34. Qa3 Qb3 35. Bd4 Bxd4 36. cxd4 Qxa3 37. Rxa3 Rb1+ 38. Kh2 Rd1 39. Re3 Rxd4 40.
Re7+ Kg8 41. Re6 c3 42. Rc6 Rd5 43. Rxg6+ Kf7 44. Rc6 Rxa5 45. Rxc3 Ra2 46. Kg3 a5 47. Rc6 Kg7 48. Ra6 a4 49. Kf3 a3 50. g3 h5 51.
h4 Kf7 52. Ke3 Kg7 53. f3 Ra1 54. Kf4 a2 55. Ra7+ Kf6 56. Ra6+ Kg7 57. Kg5 Rg1 58. Rxa2 Rxg3+ 59. Kf4 Rh3 60. Ra7+ Kg6 61. Ra6+ Kg7 62. Kxf5 Rxf3+ 63. Kg5 Rg3+ 64. Kxh5 Kh7 65. Ra7+ Rg7 66.
Rxg7+ Kxg7 67. Kg5 Kh7 68. h5 Kg7 69. h6+ Kh7 70.
Kh5 Kh8 71. h7 Kxh7 1/2-1/2

[Event "*** Titled Tuesday Blitz"]
[Site "Chess.com"]
[Date "2020.11.03"]
[Round "2"]
[White "Zhigalko_Sergei"]
[Black "Caracternin123"]
[Result "1-0"]
[WhiteElo "2914"]
[BlackElo "2594"]
[TimeControl "180+1"]
[EndTime "10:20:33 PST"]
[Termination "Zhigalko_Sergei won by checkmate"]

1. e4 Nf6 2. e5 Nd5 3. d4 d6 4.
Nf3 g6 5. Bc4 Nb6 6. Bb3 Bg7 7.
Qe2 O-O 8. h3 c5 9. dxc5 dxc5 10. O-O c4 11. Bxc4 Nxc4 12. Qxc4 Nc6 13. Re1 Bf5 14.
Na3 a6 15. Qh4 Rc8 16. Bh6 Qb6 17. Nc4 Qc5 18. Bxg7 Kxg7 19. c3 h6 20. Rad1 Rfd8 21. b4 Qb5 22. Ne3 Be6 23. a3 Nxe5 24. Nd4 Qb6 25. Qxe7 Re8 26. Qh4 Rxc3 27. Qg3 Nd3 28. Nef5+ Kh7 29. Rxd3 Rxd3 30. Qe5 gxf5 31. Nxf5 Rg8 32.
Ne7 Rg5 33. Qe4+ Bf5 34. Nxf5 Rd8 35. Nd6+ Kh8 36. Nxf7+ Kg7 37. Nxg5 hxg5 38. Qe7+ Kg8 39. Qxg5+ Kf8 40. Qf4+ Kg7 41. Qg5+ Kf8 42. Re3 Rd1+ 43. Kh2 Qd6+ 44. Rg3 Rf1 45. Qg8+ Ke7 46. Qg7+ Kd8 47. Qxb7 Rxf2 48. Qa8+ Kd7 49. Qe4 Kd8 50. Qh4+ Kc8 51. Qh8+ Rf8 52. Qg7 Kb8 53. Qg6 Qc7 54. Qg7 Rd8 55.
Qxc7+ Kxc7 56. Rg7+ Kb6 57. Rg6+ Kb5 58. Rg5+ Kb6 59.
Ra5 Rd3 60. h4 Rb3 61. h5 Rd3 62. g3 Rd6 63. Kh3 Rd4 64. g4 Rd3+ 65. Kh4 Rxa3 66. Rxa3 Kb5 67. Rxa6 Kxb4 68. h6 Kb5 69. h7 Kxa6 70.
h8=Q Kb5 71. Qe5+ Kc4 72. g5 Kd3 73. g6 Kc4 74. Kg5 Kd3 75. Kf5 Kc4 76. g7 Kb3 77. g8=Q+ Kc2 78. Qg2+ Kd3 79. Qf3+ Kc2 80. Qee2+ Kc1 81.
Qff1# 1-0

[Event "*** Titled Tuesday Blitz"]
[Site "Chess.com"]
[Date "2020.11.03"]
[Round "2"]
[White "tigra"]
[Black "lucasmito"]
[Result "0-1"]
[WhiteElo "2818"]
[BlackElo "2559"]
[TimeControl "180+1"]
[EndTime "10:20:33 PST"]
[Termination "lucasmito won by resignation"]

1. e4 e5 2. Nf3 Nc6 3. Bc4 Nf6 4.
d3 Bc5 5. Nbd2 d6 6. c3 a6 7. Bb3 Ba7 8. Nf1 h6 9. Ng3 O-O 10. O-O Be6 11. h3 Re8 12. Re1 d5 13. exd5 Bxd5 14. Qe2 Bxb3 15. axb3 Qd5 16. b4 Rad8 17.
Ne4 Qxd3 18. Nxf6+ gxf6 19. Bxh6 Qxe2 20. Rxe2 Rd3 21.
Nh4 Red8 22. Kh2 Bb6 23. Nf5 Kh7 24. g4 Kg6 25. Kg2 Ne7 26. Nxe7+ Kxh6 27. Nf5+ Kg5 28. Rae1 Rd2 29. c4 a5 30. c5 Ba7 31. bxa5 Bxc5 32. Ng3 Rxe2 33. Rxe2 Bb4 34. Re3 Bxa5 35. Rf3 Kg6 36.
Ne4 Rd4 37. Nxf6 Rd2 38. b3 Bb6 39. Ne8 e4 40. Rf6+ Kg5 41. Rf5+ Kg6 42. Rf6+ Kh7 43. Rxf7+ Kg8 44. Rf4 e3 45. Nf6+ Kh8 46. Re4 Rxf2+ 47. Kg3 Rxf6 48. h4 Kg7 49. g5 Rf1 50. h5 Rg1+ 51.
Kh4 c6 52. h6+ Kf7 53. Kh5 Rh1+ 54. Kg4 Rh2 55. Kf5 Rf2+ 56. Kg4 e2 57. Kh5 Ba5 58. g6+ Kf6 59. g7 Kf7 60. Kh4 e1=Q 61. Rg4 Rf4+ 62.
Kg5 Rxg4+ 63. Kxg4 Qg1+ 64. Kf5 Qxg7 65. hxg7 Kxg7 66.
Ke6 b6 67. Kd6 c5 68. Kd5 Kf6 69. Kc4 Kg5 70. Kb5 Kf4 71. Kc4 Ke3 0-1

[Event "*** Titled Tuesday Blitz"]
[Site "Chess.com"]
[Date "2020.11.03"]
[Round "2"]
[White "tdf98pantani"]
[Black "andrzej"]
[Result "1-0"]
[WhiteElo "2684"]
[BlackElo "2384"]
[TimeControl "180+1"]
[EndTime "10:20:36 PST"]
[Termination "tdf98pantani won on time"]

1. d4 Nf6 2. c4 e6 3. Nc3 Bb4 4.
Qc2 O-O 5. a3 Bxc3+ 6. Qxc3 d6 7.
Bg5 Nbd7 8. e3 b6 9. f3 Bb7 10. Bd3 Rc8 11. Ne2 c5 12. O-O cxd4 13. Qxd4 Qc7 14.
Rac1 Qc5 15. Bh4 Qxd4 16. Nxd4 a6 17. Rfd1 d5 18. cxd5 Nxd5 19. e4 Nf4 20. Bf1 Nc5 21. Bg3 g5 22. h4 h6 23. Bf2 Rfd8 24. hxg5 hxg5 25. Be3 Kg7 26. g3 Nh5 27. Kf2 Kg6 28.
b4 Na4 29. Rxc8 Rxc8 30. Bd3 Nb2 31. Rd2 Nxd3+ 32. Rxd3 Nf6 33. g4 b5 34. Nb3 Rc2+ 35.
Ke1 Ra2 36. Nc5 Bc6 37. Nxa6 Nxe4 38. fxe4 Bxe4 39. Rc3 f5 40. Nc5 Bd5 41. Bd2 fxg4 42. Re3 Kf5 43. Bc1 Bc4 44. Ne4 e5 45. Nd6+ Kf6 46. Nxc4 bxc4 47. Rc3 g3 48. b5 g2 49.
Be3 Ra1+ 50. Ke2 g1=Q 51. Bxg1 Rxg1 52. Rxc4 Rb1 53. a4 Kf5 54. Rc6 Rb3 55. b6 Ke4 56. a5 Rb2+ 57. Kd1 g4 58. Rc2 Rb5 59. Rc4+ Kd5 60.
Ra4 g3 61. Ke2 g2 62. Kf2 Rb2+ 63. Kg1 e4 64. a6 Rxb6 65. a7 e3 66. a8=Q+ 1-0

[Event "*** Titled Tuesday Blitz"]
[Site "Chess.com"]
[Date "2020.11.03"]
[Round "2"]
[White "Man-Chuk"]
[Black "tsaruk_maks"]
[Result "1/2-1/2"]
[WhiteElo "2848"]
[BlackElo "2571"]
[TimeControl "180+1"]
[EndTime "10:20:39 PST"]
[Termination "Game drawn - insufficient material"]

1. d4 Nf6 2. c4 e6 3. Nf3 d5 4.
Nc3 c5 5. cxd5 Nxd5 6. e4 Nxc3 7. bxc3 cxd4 8. cxd4 Bb4+ 9. Bd2 Bxd2+ 10. Qxd2 O-O 11.
Bc4 b6 12. O-O Bb7 13. Rfe1 Nd7 14. a4 Rc8 15. Bd3 a5 16. Rab1 Qe7 17. Qe2 Rc3 18. Rec1 Rfc8 19. Rxc3 Rxc3 20. Ba6 Bc6 21. Bb5 Bxb5 22.
Qxb5 h6 23. h3 Qd6 24. Rd1 Qc6 25. Qxc6 Rxc6 26. d5 exd5 27. Rxd5 Nc5 28. Rd4 Kh7 29. Ne5 Rc7 30. Rc4 Re7 31. Nc6 Rxe4 32. Nxa5 Rxc4 33. Nxc4 Nxa4 34. Kf1 Kg6 35. Ke2 b5 36. Nd6 b4 37.
Kd3 b3 38. Nc4 Kf5 39. Nd2 b2 40. Kc2 Ke5 41. Nf3+ Ke4 42. Nd2+ Kd4 43. Nb3+ Kc4 44. Nd2+ Kb4 45. Nb1 Kc4 46. Nd2+ Kb4 47. Nb1 h5 48. h4 g6 49. f3 f6 50. g4 Kc4 51. Nd2+ Kd4 52.
gxh5 gxh5 53. Ne4 f5 54. Ng3 f4 55. Nxh5 Ke3 56. Nf6 Kxf3 57. h5 b1=Q+ 58. Kxb1 Nc3+ 59. Kc2 Nb5 60. h6 Nd4+ 61. Kd3 Nc6 62. h7 Ne5+ 63. Kd4 Nf7 64. Kd5 Kg2 65. Ke4 Ng5+ 66. Kxf4 Nxh7 1/2-1/2

[Event "*** Titled Tuesday Blitz"]
[Site "Chess.com"]
[Date "2020.11.03"]
[Round "2"]
[White "PauloCesarCosta_sad"]
[Black "Nikolaj_6"]
[Result "1/2-1/2"]
[WhiteElo "2330"]
[BlackElo "2552"]
[TimeControl "180+1"]
[EndTime "10:20:43 PST"]
[Termination "Game drawn by repetition"]

1. Nf3 Nf6 2. c4 g6 3. d4 Bg7 4. Nc3 O-O 5. Bg5 c5 6. e3 h6 7. Bh4 cxd4 8. exd4 d5 9. Bxf6 Bxf6 10. Nxd5 Bg7 11.
Nc3 e6 12. Be2 Nc6 13. d5 exd5 14. cxd5 Nb4 15. Qd2 Bf5 16. O-O Re8 17. Rad1 Bxc3 18.
bxc3 Nxd5 19. Bb5 Be6 20. c4 Nc7 21. Qxd8 Rexd8 22. Nd4 a6 23. Nxe6 Nxe6 24. Ba4 Nc5 25. Bb3 Kf8 26. Rfe1 Rxd1 27. Rxd1 Ke7 28. Kf1 Rc8 29.
Ke2 Rc7 30. Rd5 g5 31. g3 f6 32. Ke3 b6 33. h4 a5 34. hxg5 hxg5 35. f4 gxf4+ 36.
gxf4 a4 37. Bd1 Ne6 38. Bxa4 Rxc4 39. Rd7+ Kf8 40. Bb3 Rc3+ 41. Kd2 Rc6 42. Bxe6 Rxe6 43.
Kd3 Ke8 44. Rh7 Rc6 45. Ra7 Kd8 46. Kd4 Rc5 47. Ke4 f5+ 48. Kd4 Kc8 49. a3 Kb8 50. Rf7 Ra5 51. Kc4 Ra4+ 52. Kb5 Rxf4 53. Kxb6 Kc8 54.
Kb5 Rf1 55. a4 f4 56. a5 Kb8 57. a6 f3 58. Kb6 Rb1+ 59. Kc6 Rb3 60. Kc5 Ka8 61.
Kc6 Ra3 62. Kb5 Re3 63. Kb6 Re6+ 64. Ka5 Re3 65. Kb6 Rb3+ 66. Ka5 Kb8 67. Re7 f2 68.
Rf7 Rb2 69. Ka4 Ka8 70. Ka5 Re2 71. Ka4 Re4+ 72. Ka5 Re2 73. Ka4 Kb8 74. Ka5 Rb2 75.
Ka4 Kc8 76. Ka5 Kb8 1/2-1/2

[Event "*** Titled Tuesday Blitz"]
[Site "Chess.com"]
[Date "2020.11.03"]
[Round "2"]
[White "vanea_03"]
[Black "Gerodot71"]
[Result "1-0"]
[WhiteElo "2727"]
[BlackElo "2486"]
[TimeControl "180+1"]
[EndTime "10:20:48 PST"]
[Termination "vanea_03 won by resignation"]

1. c4 e5 2. g3 c6 3. Nf3 e4 4. Nd4 Qb6 5. e3 Nf6 6. Nc3 d5 7. d3 Be7 8. cxd5 cxd5 9. dxe4 dxe4 10. Bg2 Nc6 11. O-O O-O 12. Nxe4 Rd8 13. Nc3 Nxd4 14.
exd4 Rxd4 15. Qc2 Rd8 16. Be3 Qa6 17. Rfd1 Be6 18. Qa4 Qxa4 19. Nxa4 Rxd1+ 20. Rxd1 Bxa2 21. Nc5 Rd8 22. Rxd8+ Bxd8 23. Nxb7 Bb6 24. Bxb6 axb6 25. f4 Kf8 26. Nd6 Ke7 27. Nf5+ Kf8 28. Bf3 g6 29. Ne3 Ke7 30. Kf2 Kd6 31. Ke1 Nd5 32. Bxd5 Bxd5 33. Kd2 Kc5 34. Kc3 Be6 35. b4+ Kb5 36. Nc2 Bd7 37.
Nd4+ Ka4 38. Nf3 f6 39. Nd2 Kb5 40. Ne4 f5 41. Nf6 Bc6 42. Nxh7 Ka4 43. Nf8 Be8 44. Ne6 Bf7 45. Nd4 Ka3 46. Nf3 Ka4 47. Ne5 Be8 48. h3 Ka3 49. g4 Ka2 50. g5 Kb1 51. Nd3 Bb5 52. h4 Be8 53. Ne5 Kc1 54. Nc4 b5 55. Nd6 Bd7 56. Kd4 Kd2 57. Nf7 Be8 58. Ne5 Ke2 59. Kd5 Ke3 60. Ke6 Kxf4 61. Kf6 Kg3 62. Nxg6 Bxg6 63. Kxg6 f4 64. h5 f3 65. h6 f2 66. h7 f1=Q 67. h8=Q Qd3+ 68. Kh6 Qd6+ 69. g6 Qd2+ 70. Kh7 Qxb4 71. Qe5+ Kg4 72. g7 Qb1+ 73.
Kh8 Qh1+ 74. Kg8 Qa8+ 75. Kf7 Qb7+ 76. Kf6 Qa8 77. Qe6+ Kf3 78. g8=Q 1-0

[Event "*** Titled Tuesday Blitz"]
[Site "Chess.com"]
[Date "2020.11.03"]
[Round "2"]
[White "IMTominho"]
[Black "Lysiak_Poltorak"]
[Result "0-1"]
[WhiteElo "2692"]
[BlackElo "2360"]
[TimeControl "180+1"]
[EndTime "10:20:49 PST"]
[Termination "Lysiak_Poltorak won on time"]

1. d4 Nf6 2. c4 g6 3. Nc3 d5 4. Nf3 Bg7 5. Bg5 Ne4 6. cxd5 Nxg5 7. Nxg5 e6 8. Nf3 exd5 9. e3 c5 10. dxc5 Bxc3+ 11. bxc3 O-O 12. h4 Qa5 13. Rc1 Bg4 14. Qxd5 Rd8 15. Qb3 Nd7 16. Qb4 Qxa2 17. Qxg4 Ne5 18.
Bc4 Nxf3+ 19. gxf3 Qd2+ 20. Kf1 Qxc1+ 21. Kg2 Qxc3 22.
h5 Qf6 23. Rb1 Rab8 24. h6 b6 25. cxb6 axb6 26. Rc1 b5 27. Bb3 b4 28. Rc7 Rf8 29. f4 Qb6 30. Rd7 Qc6+ 31. Bd5 Qf6 32. Bb3 Rbd8 33. Rb7 Rb8 34. Ra7 Qf5 35. Qf3 Qc5 36.
Rd7 Qb6 37. Qd5 Qf6 38. Kf3 Qf5 39. Qc6 Qh3+ 40. Ke2 Qh5+ 41. Kf1 Qb5+ 42. Qxb5 Rxb5 43. Ke2 Rbb8 44. Rd4 Rfd8 45. Re4 Re8 46. Rd4 Red8 47. Rc4 Kf8 48. Rc7 Kg8 49. Rxf7 Kh8 50. f5 Rdc8 51. fxg6 hxg6 52. Rf6 Rc3 53. Bd5 b3 54. Be4 b2 55. Rxg6 Rc1 56. f4 b1=Q 57. Bxb1 Rcxb1 58. Kf3 R1b6 59. Rg5 Rxh6 60. e4 Kh7 61. e5 Rb3+ 62.
Ke4 Rg6 63. Rh5+ Kg7 64. Rh1 Rg2 65. Rc1 Rb7 66. e6 Kf6 67. Rc6 Re7 68. f5 Rg4+ 69. Kf3 Ra4 70. Rc5 Rd4 71. Ke3 Rh4 72. Kf3 Rg7 73.
Rb5 Rh5 74. Kf4 Rh4+ 75. Kf3 Rg5 76. e7 Kxe7 0-1

[Event "*** Titled Tuesday Blitz"]
[Site "Chess.com"]
[Date "2020.11.03"]
[Round "2"]
[White "TorFredrikKaasen"]
[Black "Skatchkov_V"]
[Result "0-1"]
[WhiteElo "2691"]
[BlackElo "2487"]
[TimeControl "180+1"]
[EndTime "10:20:53 PST"]
[Termination "Skatchkov_V won by resignation"]

1. e4 e5 2. Nf3 Nf6 3. d4 Nxe4 4.
Bd3 Nc6 5. d5 Nf6 6. Be2 Ne7 7.
Nxe5 Nexd5 8. O-O Be7 9. c4 Nb6 10. Re1 d6 11. Nf3 O-O 12. Nc3 Bg4 13. b3 Re8 14. Bb2 Qd7 15. h3 Bh5 16. Ne5 Bxe2 17. Nxd7 Bxd1 18. Nxb6 axb6 19. Raxd1 Bf8 20. Nb5 Rxe1+ 21.
Rxe1 c6 22. Nc3 Nd7 23. f4 Nc5 24. Rd1 f6 25. Kf2 Kf7 26. g4 Ke6 27. Ba1 Kd7 28. b4 Ne6 29. f5 Nd8 30. a4 Nf7 31. c5 bxc5 32. bxc5 d5 33. Rb1 Bxc5+ 34. Kg2 Nd6 35. Bb2 Bd4 36. Nxd5 cxd5 37. Bxd4 Rxa4 38. Bc5 Ne4 39.
Bf8 g6 40. Rxb7+ Ke8 41. Bh6 Ra2+ 42. Kf3 Ra3+ 43. Kg2 g5 44. Rxh7 d4 45. Rh8+ Kd7 46.
Rh7+ Kc6 47. Re7 Nd6 48. Re6 Kd5 49. Bf8 Ra2+ 50. Kf3 Nc4 51. Re8 Ne5+ 52. Kg3 d3 53. Rd8+ Ke4 54. Bg7 d2 55. Bxf6 Nd3 56. Re8+ Kd5 57.
Rd8+ Kc4 58. Rd4+ Kc3 59. Ra4+ Kb3 60. Rxa2 Kxa2 61. Bxg5 d1=Q 62. Be3 Qe1+ 63. Kf3 Qf1+ 64. Ke4 Nf2+ 65. Bxf2 Qxf2 66. g5 Qg2+ 67. Kf4 Kb3 68.
f6 Kc4 69. f7 Qf2+ 70. Ke5 Qxf7 71. h4 Qg6 72. Kf4 Kd5 73. Kg4 Ke5 74. h5 Qe4+ 0-1

[Event "*** Titled Tuesday Blitz"]
[Site "Chess.com"]
[Date "2020.11.03"]
[Round "2"]
[White "rynos0411"]
[Black "giantslayer83"]
[Result "0-1"]
[WhiteElo "2477"]
[BlackElo "2714"]
[TimeControl "180+1"]
[EndTime "10:21:01 PST"]
[Termination "giantslayer83 won by resignation"]

1. d4 Nf6 2. c4 e6 3. Nf3 d5 4.
Nc3 Bb4 5. cxd5 exd5 6. Bg5 O-O 7.
e3 c6 8. Bd3 Nbd7 9. Qc2 h6 10.
Bh4 Re8 11. O-O Be7 12. a3 Ne4 13. Bxe7 Qxe7 14. b4 Ndf6 15. Rac1 a6 16. Nd2 Nd6 17. Na4 g6 18. Nc5 Bf5 19. a4 Bxd3 20. Qxd3 h5 21. h3 h4 22. Nf3 Nfe4 23. Ne5 Kg7 24. Rc2 Qg5 25. Nf3 Qh5 26. Qd1 Re7 27. Nd3 g5 28.
Nfe5 Qxd1 29. Rxd1 f6 30. Nf3 Nc4 31. Nb2 b5 32. a5 Kg6 33. Nd3 Kh5 34. Nh2 Rg8 35. Nc5 Nxc5 36. dxc5 f5 37. Rd4 Re4 38. Nf3 g4 39.
hxg4+ Rexg4 40. Rxg4 fxg4 41. Nd4 Rg6 42. Kh2 g3+ 43. fxg3 hxg3+ 44. Kh3 Nxe3 45. Rc3 Rg4 46. Rxe3 Rxd4 47. Re5+ Kg6 48. Re6+ Kf5 49. Rxc6 Rxb4 50. Rxa6 d4 51. Rd6 Ke5 52. Rd8 Rc4 53. a6 Ra4 54. Rd6 d3 55. Rxd3 Rxa6 56. Kxg3 Rc6 57. Kf3 Rxc5 58.
g4 b4 59. Ke3 Rb5 60. Rb3 Kd5 61. Kd3 Kc5 62. g5 Rb6 63. g6 Rxg6 64. Rb1 Rg3+ 65. Kd2 Kc4 66. Rc1+ Kb3 67. Rc7 Kb2 68. Rb7 b3 69.
Rb8 Rg7 70. Rb5 Rd7+ 71. Ke1 Kc2 72. Ke2 b2 73. Rc5+ Kb1 74. Rb5 Ka2 75. Ra5+ Kb3 76.
Rb5+ Kc3 77. Rc5+ Kb4 78. Rc8 Rd5 79. Rb8+ Rb5 0-1

[Event "*** Titled Tuesday Blitz"]
[Site "Chess.com"]
[Date "2020.11.03"]
[Round "2"]
[White "UCantHandleDenker"]
[Black "Mazetovic"]
[Result "0-1"]
[WhiteElo "2500"]
[BlackElo "2754"]
[TimeControl "180+1"]
[EndTime "10:21:02 PST"]
[Termination "Mazetovic won by resignation"]

1. Nf3 Nf6 2. g3 g6 3. Bg2 Bg7 4. O-O O-O 5. c4 d6 6. Nc3 c6 7. d3 d5 8. Rb1 d4 9. Na4 Re8 10. b4 e5 11. Bg5 Nbd7 12. Nd2 h6 13. Bxf6 Bxf6 14. c5 Be7 15. Nb2 Bf8 16. Nbc4 Nf6 17.
Qc2 Nd5 18. Ne4 Re7 19. Rb2 Bg7 20. Re1 a6 21. a4 Be6 22. Ned6 Nc3 23. e4 Kh7 24.
Rc1 Qc7 25. Qd2 Nxa4 26. Rbb1 Nc3 27. Rb2 Nb5 28. Qc2 Rf8 29. Qa4 Bxc4 30. Nxc4 Re6 31. Bh3 Re7 32. Qa5 h5 33. Qxc7 Rxc7 34. Ra1 Re7 35. Bg2 Bh6 36. h4 Kg7 37. Bh3 Nc3 38. Nd6 Rd8 39. Kg2 Kg8 40. Nc4 Bf8 41. Nd6 f6 42.
Nc4 Rc7 43. Rf1 Kg7 44. f4 Re8 45. fxe5 fxe5 46. Rbf2 Nb5 47. Be6 Rxe6 48. Rxf8 Ree7 49. R8f3 Rcd7 50. Rf8 Nc7 51. Nd6 Ne6 52. Ne8+ Kh7 53. Nf6+ Kg7 54. Nxd7 Rxd7 55. R8f6 Re7 56. R6f3 a5 57. bxa5 Nxc5 58. Kh3 Na4 59. Rf8 Nc3 60. Rb8 Nb5 61. Rff8 Rc7 62. Rg8+ Kf6 63. Rbf8+ Ke7 64. Re8+ Kd6 65. Rxg6+ Kc5 66. Rxe5+ Kb4 67. a6 bxa6 68.
Re8 a5 69. Ra8 a4 70. e5 a3 71. e6 Re7 72. Rf6 Nc3 73. Rf7 Rxe6 74. Rb7+ Nb5 75. Rba7 Re3 76. Ra4+ Kc5 77. Rxa3 Nxa3 78. Rxa3 Kb4 79.
Ra6 c5 80. Rh6 Rxd3 81. Rxh5 c4 82. Rh8 c3 83. Rb8+ Ka3 84. Rc8 Kb2 85. h5 c2 86. h6 Rc3 87. Rxc3 Kxc3 88. h7 c1=Q 89.
h8=Q Qh1+ 0-1

[Event "*** Titled Tuesday Blitz"]
[Site "Chess.com"]
[Date "2020.11.03"]
[Round "2"]
[White "Aygehovit1992"]
[Black "ElusiveCat"]
[Result "1-0"]
[WhiteElo "2633"]
[BlackElo "2301"]
[TimeControl "180+1"]
[EndTime "10:21:08 PST"]
[Termination "Aygehovit1992 won by checkmate"]

1. e4 c5 2. Nc3 d6 3. f4 Nc6 4.
Nf3 g6 5. Bb5 Bd7 6. d3 Bg7 7.
O-O e6 8. f5 exf5 9. exf5 Bxf5 10. Bg5 f6 11. Bf4 Ne7 12. Qd2 O-O 13. Bh6 d5 14.
Rae1 a6 15. Bxc6 Nxc6 16. Bxg7 Kxg7 17. Nh4 Bc8 18. Qf2 b6 19. Qf3 Ne7 20. Qg3 Ra7 21. Rf2 Kh8 22. Rfe2 Nf5 23. Nxf5 Bxf5 24. Qf3 d4 25.
Nd5 Raf7 26. Ne7 Bd7 27. Qf4 Kg7 28. h4 h5 29. Qg3 Bg4 30. Re6 Qb8 31. Qxb8 Rxb8 32.
Rd6 a5 33. Nd5 b5 34. Rc6 c4 35. b3 cxd3 36. cxd3 a4 37. b4 Rd8 38. Nc7 Rb8 39.
Rc5 Bd7 40. a3 Kf8 41. Kf2 Rc8 42. Na6 Rxc5 43. Nxc5 Bc6 44. Re6 Bd5 45. Rb6 Bb3 46.
Rxb5 Re7 47. Ra5 Re3 48. Nxa4 Bxa4 49. Rxa4 Rxd3 50. Ra7 Rb3 51. Ke2 g5 52. hxg5 fxg5 53. Kd2 h4 54. Kc2 Rc3+ 55. Kb2 g4 56. Rh7 h3 57.
gxh3 gxh3 58. Rh4 Re3 59. Rxd4 h2 60. Rh4 Re2+ 61. Kb3 Ke7 62. a4 Kd6 63. a5 Kc6 64. Rh6+ Kb7 65. Ka4 Rd2 66. Kb5 Rd5+ 67. Kc4 Rd2 68.
Rh7+ Ka6 69. Rh6+ Kb7 70. b5 Rc2+ 71. Kb3 Rg2 72. Rh7+ Kb8 73. a6 Rg5 74. Kb4 Rg6 75. Rxh2 Rg4+ 76. Ka5 Rg1 77. Rh8+ Kc7 78. Rh7+ Kb8 79.
Re7 Ra1+ 80. Kb6 Rb1 81. Re8# 1-0

[Event "*** Titled Tuesday Blitz"]
[Site "Chess.com"]
[Date "2020.11.03"]
[Round "2"]
[White "Fandorine"]
[Black "juancruzarias"]
[Result "1/2-1/2"]
[WhiteElo "2839"]
[BlackElo "2555"]
[TimeControl "180+1"]
[EndTime "10:21:23 PST"]
[Termination "Game drawn by agreement"]

1. Nf3 e6 2. g3 f5 3. Bg2 Nf6 4.
O-O d5 5. d3 Nc6 6. c4 dxc4 7.
dxc4 Qxd1 8. Rxd1 Bc5 9. Nc3 Bd7 10. Bf4 e5 11. Nxe5 Nxe5 12. Bxe5 Bxf2+ 13. Kxf2 Ng4+ 14.
Kg1 Nxe5 15. b3 c6 16. e4 O-O 17. exf5 Bxf5 18. Na4 Bg4 19. Rd2 Rae8 20. Nc5 b6 21.
Ne4 Nf3+ 22. Bxf3 Bxf3 23. Nc3 Re3 24. Rc1 Bg4 25. Rf2 Rfe8 26. Rf4 Bh3 27. Kf2 Rd3 28.
Rc2 Red8 29. Ke2 R3d7 30. g4 g5 31. Re4 Rd4 32. Rxd4 Rxd4 33. Ke3 Rxg4 34. Ne4 Rg1 35. Ng3 Kf7 36. c5 b5 37. Kd4 Rd1+ 38. Ke3 Ke6 39. Ne4 Bf5 40. Nxg5+ Kf6 41. Rg2 Re1+ 42. Kf4 Rf1+ 43. Ke3 Rc1 44. Nf3 Rxc5 45. Nd4 Rc3+ 46. Kf4 Rc1 47. Nxf5 Rf1+ 48. Ke4 Rxf5 49. Rg8 Rh5 50. Ra8 Ke6 51. Rxa7 Kd6 52. a4 bxa4 53. bxa4 Rxh2 54. a5 Kc5 55. Rb7 Ra2 56. Rxh7 Rxa5 57. Kd3 Ra3+ 58. Kc2 Rg3 59. Rh5+ Kb4 60. Rh4+ Kb5 61.
Rh5+ c5 62. Rh4 Rf3 63. Rg4 Rf5 64. Rh4 Rf7 65. Kc3 Ra7 66. Kb3 Rg7 67. Kc3 Rg3+ 68.
Kc2 c4 69. Rh5+ Kb4 70. Rh8 Rg2+ 71. Kc1 Kc3 72. Rh3+ Kb4 73. Rf3 Re2 74. Rh3 Re7 75.
Rf3 Ra7 76. Rh3 Ra2 77. Kb1 Rf2 78. Kc1 Rf1+ 79. Kc2 Rf7 80. Rg3 Rf2+ 81. Kc1 Rf8 82. Kc2 Rd8 83. Kc1 Rd4 84. Rh3 Rd5 85. Rg3 c3 86. Rg8 Kc4 87. Rc8+ Kd3 88. Rh8 Re5 89. Rd8+ Ke3 90. Kc2 1/2-1/2

[Event "*** Titled Tuesday Blitz"]
[Site "Chess.com"]
[Date "2020.11.03"]
[Round "2"]
[White "GoltsevDmitry2000"]
[Black "NiranjanNavalgund"]
[Result "0-1"]
[WhiteElo "2678"]
[BlackElo "2456"]
[TimeControl "180+1"]
[EndTime "10:21:56 PST"]
[Termination "NiranjanNavalgund won by resignation"]

1. e4 e5 2. Nf3 Nc6 3. Bb5 a6 4. Ba4 Nf6 5. O-O Be7 6. Re1 b5 7. Bb3 d6 8. c3 O-O 9. h3 Nb8 10. d4 Nbd7 11. Nbd2 Bb7 12. a4 c5 13. d5 c4 14. Bc2 Nc5 15. Qe2 Rb8 16. axb5 axb5 17.
Nf1 Re8 18. Ng3 Bf8 19. Bg5 h6 20. Be3 g6 21. Ra7 Nfd7 22. Rea1 Qc7 23. Nd2 Ra8 24. Rxa8 Rxa8 25. Rxa8 Bxa8 26. Nb1 Bb7 27. Na3 Ba6 28.
Nf1 Nb6 29. Nd2 Nba4 30. Qe1 Nxb2 31. Qa1 Nba4 32. Naxc4 bxc4 33. Bxa4 Qa5 34. Bxc5 dxc5 35. Nf3 Bb5 36. Nxe5 Qxa4 37. Qxa4 Bxa4 38. Nxc4 Bg7 39. Nb6 Bc2 40. f3 Bxc3 41. d6 Bf6 42. d7 Bb3 43. Kf2 c4 44. Nd5 Bd8 45. Ke3 f6 46. Kd4 Kf7 47. Kc5 Ke6 48. Kc6 Ba4+ 49. Kc5 Bxd7 50.
Kxc4 Bc6 51. Nf4+ Kf7 52. Kc5 Bd7 53. Nd3 Be7+ 54. Kd5 h5 55. Nc1 Be6+ 56. Kd4 f5 57. Nd3 Bf6+ 58. e5 Be7 59. f4 Bb3 60. Nc1 Bd1 61. Nd3 Bd8 62. Kd5 Bb3+ 63. Kd6 Be7+ 64. Kd7 Bd5 65. Nc1 Bxg2 66. e6+ Kf8 67. Nd3 Bf1 68. Ne5 Bb5+ 69. Kc8 Bf6 70. Nxg6+ Ke8 71. Kc7 Bc4 72. Kd6 Bb3 73. Ne5 Be7+ 74. Kc6 Bxe6 75.
Nf3 Bf6 76. Kd6 Kf7 77. Ne1 Bc4 78. Nf3 Be2 79. Ne1 Bf1 80. Nf3 Bxh3 81. Nh2 Bg4 82. Kd5 h4 83. Nf1 h3 84. Nh2 Bh4 85. Ke5 Bg3 86. Nf1 Bf2 87. Nh2 Bg1 88. Nf1 h2 89. Ng3 Kg6 90. Ke6 Bf2 91. Nh1 Be3 92. Ke5 Bf3 93. Ng3 h1=Q 94. Nxf5 Qa1+ 95. Ke6 Bg4 0-1